 Dungeon Crawl Stone Soup version 0.22.0-38-g04b72b8 (webtiles) character file.

7555 Yandel the Cleaver (level 10, -4/87 HPs)
             Began as a Deep Dwarf Air Elementalist on Aug 27, 2018.
             Was an Initiate of Ru.
             Slain by an orc warrior
             ... wielding a +2 scimitar of holy wrath
              (7 damage)
             ... on level 10 of the Dungeon on Aug 28, 2018.
             The game lasted 03:20:45 (8713 turns).

Yandel the Cleaver (Deep Dwarf Air Elementalist)    Turns: 8713, Time: 03:20:46

Health: -4/87      AC: 10    Str: 13    XL:     10   Next: 96%
Magic:  2/3        EV: 12    Int: 17    God:    Ru [......]
Gold:   103        SH: 14    Dex: 14    Spells: 2/16 levels left

rFire    + . .     SeeInvis .   a - +0 war axe
rCold    . . .     Gourm    .   y - +0 large shield
rNeg     . . .     Faith    .   o - +2 robe {rF+}
rPois    .         Spirit   .   (helmet restricted)
rElec    .         Reflect  .   (no cloak)
rCorr    +         Harm     .   l - +1 pair of gloves
MR       +....                  g - +2 pair of boots
Stlth    +++.......             w - amulet of the acrobat
HPRegen  0.00/turn              i - ring of resist corrosion
MPRegen  0.08/turn              (no ring)

@: non-regenerating
A: damage resistance, heal wounds, horns 1, dopey 1, sense surroundings 2,
strong 1, no regeneration
a: Heal Wounds, Renounce Religion


You were on level 10 of the Dungeon.
You worshipped Ru.
Ru was noncommittal.
You were not hungry.

You visited 1 branch of the dungeon, and saw 10 of its levels.
You also visited: Ossuary.

You collected 541 gold pieces.
You spent 438 gold pieces at shops.

Inventory:

Hand Weapons
 a - a +0 war axe (weapon)
 b - the +9 staff of Olgreb {rPois}
   (You found it on level 6 of the Dungeon)

   It protects you from poison.
 z - the +6 dagger of Tynniu Beaxi {pierce, rPois Str+4 Int+3}
   (You found it on level 6 of the Dungeon)

   It inflicts extra damage upon your enemies.
   It affects your strength (+4).
   It affects your intelligence (+3).
   It protects you from poison.
Missiles
 d - 234 stones (quivered)
 j - 90 bolts
 D - 50 sling bullets
Armour
 g - a +2 pair of boots (worn)
 l - a +1 pair of gloves (worn)
 o - a +2 robe of fire resistance (worn)
 x - the +0 chain mail of the Stars {*Slow +Inv Int+3 Dex+3}
   (You found it on level 9 of the Dungeon)

   It affects your intelligence (+3).
   It affects your dexterity (+3).
   It lets you turn invisible.
   It may slow you when you take damage.
 y - a +0 large shield (worn)
 J - a +0 troll leather armour
Magical Staves
 E - an uncursed staff of conjuration
Jewellery
 i - a ring of resist corrosion (left hand)
 w - an amulet of the acrobat (around neck)
Wands
 t - a wand of random effects (39)
 B - a wand of digging (4)
 F - a wand of flame (10)
Scrolls
 f - 4 scrolls of teleportation
 k - a scroll of magic mapping
 n - 2 scrolls of blinking
 q - 4 scrolls of remove curse
 r - a scroll of fear
 A - a scroll of immolation
 G - a scroll of enchant armour {unknown}
 H - a scroll of fog
Potions
 e - 7 potions of flight
 h - a potion of brilliance
 m - a potion of magic
 p - a potion of agility
 s - a potion of heal wounds
 u - a potion of invisibility
 v - a potion of mutation
 C - a potion of lignification
Comestibles
 c - 20 rations
 I - 16 chunks of flesh


   Skills:
 + Level 4.5 Fighting
 + Level 9.2 Axes
 + Level 6.8 Armour
 + Level 6.8 Dodging
 + Level 5.2 Stealth
 + Level 6.8 Shields
 + Level 3.7 Spellcasting
 + Level 3.3 Conjurations
 + Level 4.2 Air Magic
 + Level 3.0 Evocations


You had 2 spell levels left.
You knew the following spells:

 Your Spells              Type           Power        Failure   Level  Hunger
a - Shock                 Conj/Air       ###.         34%         1    None
b - Magic Dart            Conj           ##..         38%         1    None
c - Swiftness             Chrm/Air       ##......     71%         2    ##.....
d - Static Discharge      Conj/Air       ###.....     71%         3    ###....
e - Dazzling Spray        Conj/Hex       #.....       94%         3    ###....
f - Airstrike             Air            ###.......   96%         4    ####...

Your spell library contained the following spells:

 Spells                   Type           Power        Failure   Level  Hunger
 Corona                   Hex            #......      86%         1    None
 Infusion                 Chrm           #...         86%         1    None
 Blink                    Tloc           N/A          94%         2    ##.....
 Call Imp                 Summ           #.......     94%         2    ##.....
 Ensorcelled Hibernation  Hex/Ice        #.....       94%         2    ##.....
 Shroud of Golubria       Chrm/Tloc      #.........   94%         2    ##.....
 Slow                     Hex            #.......     94%         2    ##.....
 Song of Slaying          Chrm           #.......     94%         2    ##.....
 Mephitic Cloud           Conj/Pois/Air  ##......     87%         3    ###....
 Conjure Flame            Conj/Fire      #.......     94%         3    ###....
 Confuse                  Hex            #.......     99%         3    ###....
 Spectral Weapon          Hex/Chrm       #.......     99%         3    ###....
 Tukima's Dance           Hex            #.......     99%         3    ###....
 Lightning Bolt           Conj/Air       ###.......   100%        5    ######.
 Regeneration             Chrm/Necr      Unusable     N/A         3    N/A

Dungeon Overview and Level Annotations

Branches:
Dungeon (10/15)            Temple (0/1) D:7
   Lair: D:8-11         Orc: D:9-12

Altars:
Ashenzari
Dithmenos
Elyvilon
Fedhas
Gozag
Hepliaklqana
Kikubaaqudgha
Makhleb
Nemelex Xobeh
Ru
Sif Muna
Vehumet
Wu Jian
Yredelemnul

Shops:
D:7 ?**   D:8 :

Annotations:
D:6 1 runed door


Innate Abilities, Weirdness & Mutations

You are resistant to damage.
You can heal yourself by infusing magical energy.
You passively map the area around you.
You do not regenerate.
You have a pair of small horns on your head.
You are dopey. (Int -2)
Your muscles are strong. (Str +2)


Message History

You feel much better. You block the orc's attack.
You block the orc warrior's attack.
You hit the orc priest.
You headbutt the orc priest, but do no damage.
The orc priest is moderately wounded.
You hit the orc warrior but do no damage.
You hit the orc. You block the orc's attack. You block the orc priest's attack.
The orc warrior hits you but does no damage.
You barely miss the orc priest. You headbutt the orc priest.
The orc priest is moderately wounded.
You barely miss the orc.
You hit the orc warrior but do no damage.
The orc misses you. The orc priest hits you with a club.
* * * LOW HITPOINT WARNING * * *
The orc warrior hits you with a scimitar of holy wrath!!
* * * LOW HITPOINT WARNING * * *
You block the orc's attack.
You fail to use your ability.
The orc priest barely misses you.
The orc warrior hits you with a scimitar of holy wrath!
You die...

# #..# #
#.#..#*** * #.
,, #.#...
#$####z *....#
* #..O.z. #.)#
#.., , #..<..Z
#..#
#.#...........
#..#
#.#.#########.
#oo# #.# ,, ,
#o@# #.# , ***
#..###.#, , *
#......#Z. ,
##....รท#.# #
#.###.#.# .#
###
#)#.##.##,,,
#.#.....
#.#..., ,, ,
#.#.# *


You could see an orc warrior, an orc priest and an orc.

Vanquished Creatures
  2 two-headed ogres
  The ghost of Ymberto the Transmogrifier, a novice NaTm of Okawaru (D:7)
  The ghost of Ymberto the Thaumaturge, a novice DEFE of Sif Muna (D:8)
  Psyche (D:8)
  2 trolls (D:9)
  2 hippogriffs
  A wyvern (D:8)
  A wraith (Ossuary)
  A yak (D:8)
  A human (D:8)
  3 hogs (D:8)
  A hungry ghost (D:9)
  3 soldier ants (D:6)
  2 water moccasins (D:6)
  An orc warrior (D:7)
  A sky beast (D:2)
  2 ogres
  A phantom (D:6)
  A big kobold (D:6)
  A bullfrog (D:8)
  A scorpion (D:6)
  A water moccasin skeleton (D:7)
  12 killer bees
  A wight (D:8)
  2 howler monkeys
  A centaur zombie (D:6)
  2 crimson imps
  2 jellies
  7 hounds
  4 orc priests
  5 orc wizards
  2 bullfrog skeletons (D:8)
  An iguana (D:5)
  12 worker ants
  3 mummies (Ossuary)
  A howler monkey skeleton (D:4)
  13 adders
  4 gnolls (D:8)
  6 shadow imps
  An ooze (D:4)
  3 adder skeletons
  An adder zombie (D:6)
  A worm (D:2)
  A dart slug (D:3)
  3 leopard geckos
  35 orcs
  A bat zombie (D:5)
  6 giant cockroaches
  2 gnoll zombies (Ossuary)
  4 goblins
  7 hobgoblins
  3 jackals
  6 bats
  4 frilled lizards
  A goblin zombie (Ossuary)
  4 hobgoblin zombies (Ossuary)
  7 kobolds
  2 kobold zombies (Ossuary)
  2 leopard gecko skeletons
  A leopard gecko zombie (D:6)
  2 quokka skeletons
  A quokka zombie (D:6)
  6 rats
213 creatures vanquished.

Vanquished Creatures (others)
  A hobgoblin zombie (Ossuary)
1 creature vanquished.

Grand Total: 214 creatures vanquished

Notes
Turn   | Place    | Note
-------+----------+-------------------------------------------
     0 | D:1      | Yandel the Deep Dwarf Air Elementalist began the quest for the Orb.
     0 | D:1      | Reached XP level 1. HP: 15/15 MP: 3/3
   496 | D:1      | Reached XP level 2. HP: 22/22 MP: 0/4
   500 | D:1      | Learned a level 2 spell: Swiftness
   741 | D:2      | Reached skill level 1 in Conjurations
   804 | D:2      | Reached XP level 3. HP: 21/28 MP: 0/6
   822 | D:2      | Learned a level 3 spell: Static Discharge
  1070 | D:2      | Noticed a sky beast
  1102 | D:2      | Killed a sky beast
  1102 | D:2      | Reached XP level 4. HP: 25/36 MP: 7/7
  1102 | D:2      | Reached XP level 5. HP: 29/42 MP: 8/8
  1509 | D:3      | Learned a level 3 spell: Dazzling Spray
  1533 | D:3      | Found a sacrificial altar of Ru.
  1600 | D:3      | Found a blossoming altar of Fedhas.
  1602 | D:3      | Found a hazy altar of Hepliaklqana.
  1767 | D:4      | Noticed an ogre
  1919 | D:4      | Killed an ogre
  1962 | D:4      | Reached XP level 6. HP: 36/50 MP: 1/10
  2045 | D:4      | Reached skill level 1 in Axes
  2045 | D:4      | Reached skill level 1 in Armour
  2252 | D:4      | Found a sand-covered staircase.
  2261 | Ossuary  | Entered an ossuary
  2261 | Ossuary  | Noticed a wraith
  2261 | Ossuary  | Noticed a wraith
  2261 | Ossuary  | Noticed a wraith
  2585 | Ossuary  | Noticed a wraith
  2610 | Ossuary  | Killed a wraith
  2610 | Ossuary  | Reached skill level 1 in Fighting
  2610 | Ossuary  | Reached XP level 7. HP: 41/57 MP: 8/10
  2699 | Ossuary  | Reached skill level 2 in Axes
  2754 | D:3      | Became a worshipper of Ru the Awakened
  3077 | D:5      | Entered Level 5 of the Dungeon
  3371 | D:5      | Reached skill level 3 in Axes
  3681 | D:5      | Found an ancient bone altar of Kikubaaqudgha.
  3823 | D:6      | Reached skill level 1 in Shields
  3842 | D:6      | Found the +9 staff of Olgreb {rPois}
  3857 | D:6      | Found a runed door.
  3863 | D:6      | Found a runed gate.
  3864 | D:6      | Found a runed door.
  4084 | D:6      | Reached XP level 8. HP: 18/67 MP: 10/10
  4090 | D:6      | Learned a level 4 spell: Airstrike
  4123 | D:6      | Found a runed gate.
  4130 | D:6      | Found a runed gate.
  4304 | D:6      | Reached skill level 4 in Axes
  4868 | D:6      | Reached skill level 5 in Axes
  4871 | D:6      | Reached skill level 1 in Evocations
  4913 | D:6      | Reached skill level 5 in Armour
  4913 | D:6      | Gained mutation: You passively map the area around you. [Deep Dwarf growth]
  4913 | D:6      | Reached XP level 9. HP: 44/74 MP: 10/10
  4925 | D:6      | Got a translucent dagger
  4965 | D:6      | Reached skill level 6 in Axes
  5075 | D:6      | Identified the +6 dagger of Tynniu Beaxi {pierce, rPois Str+4 Int+3} (You found it on level 6 of the Dungeon)
  5291 | D:7      | Found a runed door.
  5295 | D:7      | Noticed Ymberto's ghost (novice NaTm)
  5453 | D:7      | Found Uxzoekk's Assorted Antiques.
  5763 | D:7      | Found Unwimeb's Assorted Antiques.
  5774 | D:7      | Found a radiant altar of Vehumet.
  5801 | D:7      | Found an ornate altar of the Wu Jian Council.
  5828 | D:7      | Found Pyijaf's Magic Scroll Boutique.
  5878 | D:7      | Reached skill level 5 in Dodging
  5935 | D:7      | Found a staircase to the Ecumenical Temple.
  6102 | D:7      | Killed Ymberto's ghost
  6102 | D:7      | Reached skill level 7 in Axes
  6102 | D:7      | Reached skill level 5 in Shields
  6159 | D:7      | Found Unwimeb's Assorted Antiques.
  6162 | D:7      | Bought a scroll of blinking for 225 gold pieces
  6208 | D:7      | Found Uxzoekk's Assorted Antiques.
  6213 | D:7      | Bought a potion of haste for 200 gold pieces
  6266 | D:7      | Found Pyijaf's Magic Scroll Boutique.
  6268 | D:7      | Found an ornate altar of the Wu Jian Council.
  6272 | D:7      | Bought a scroll of noise for 13 gold pieces
  6339 | D:8      | Learned a level 1 spell: Magic Dart
  6374 | D:8      | Found Ruiliopp's Book Emporium.
  6524 | D:8      | Gained mutation: Your muscles are strong. (Str +2) [potion of mutation]
  6524 | D:8      | Gained mutation: You are dopey. (Int -2) [potion of mutation]
  6524 | D:8      | Gained mutation: You have a pair of small horns on your head. [potion of mutation]
  6548 | D:8      | Found a burning altar of Makhleb.
  6549 | D:8      | Found an opulent altar of Gozag.
  6630 | D:8      | Found a transporter.
  6744 | D:8      | Found a shadowy altar of Dithmenos.
  6747 | D:8      | Found a sparkling altar of Nemelex Xobeh.
  6747 | D:8      | Found a deep blue altar of Sif Muna.
  6748 | D:8      | Found a shattered altar of Ashenzari.
  6749 | D:8      | Noticed a two-headed ogre
  6850 | D:8      | Killed a two-headed ogre
  6850 | D:8      | Reached XP level 10. HP: 44/85 MP: 5/5
  6931 | D:8      | Noticed Psyche
  6933 | D:8      | Found a transporter.
  6935 | D:8      | Noticed Ymberto's ghost (novice DEFE)
  6960 | D:8      | Paralysed by Psyche for 6 turns
  7003 | D:8      | Paralysed by something for 2 turns
  7024 | D:8      | Killed Psyche
  7300 | D:8      | Killed Ymberto's ghost
  7402 | D:8      | Reached skill level 8 in Axes
  7727 | D:9      | HP: 4/86 [orc priest/divine providence (11)]
  7961 | D:9      | Noticed a cyclops
  8110 | D:9      | Got a bronze chain mail
  8127 | D:9      | Identified the cursed +0 chain mail of the Stars {*Slow +Inv Int+3 Dex+3} (You found it on level 9 of the Dungeon)
  8187 | D:9      | Found a basalt altar of Yredelemnul.
  8243 | D:9      | Found a white marble altar of Elyvilon.
  8319 | D:9      | Reached skill level 9 in Axes
  8360 | D:9      | Noticed a two-headed ogre
  8374 | D:9      | Killed a two-headed ogre
  8374 | D:9      | Reached skill level 5 in Stealth
  8665 | D:10     | Entered Level 10 of the Dungeon
  8665 | D:10     | Noticed a two-headed ogre
  8709 | D:10     | HP: 2/87 [orc warrior/scimitar of holy wrath (23)]
  8713 | D:10     | Slain by an orc warrior

Skill      XL: |  1  2  3  4  5  6  7  8  9 10 |
---------------+-------------------------------+-----
Spellcasting   | 2 3 |  3.7
Conjurations   | 1 2 3 |  3.3
Dodging        | 3 4 5 6 |  6.8
Stealth        | 3 4 5 |  5.2
Air Magic      | 3 4 |  4.2
Axes           | 1 3 5 7 9 |  9.2
Armour         | 2 3 5 6 |  6.8
Fighting       | 1 2 3 4 |  4.5
Shields        | 1 3 5 6 |  6.8
Evocations     | 1 2 3 |  3.0

Action                   |  1- 3 |  4- 6 |  7- 9 | 10-12 || total
-------------------------+-------+-------+-------+-------++-------
Melee: Club              |    14 |       |       |       ||    14
       Whip              |    44 |    18 |       |       ||    62
       Hand axe          |       |   104 |   590 |       ||   694
       War axe           |       |       |   140 |   258 ||   398
       Headbutt          |       |       |     2 |    41 ||    43
Throw: Stone             |       |       |       |     1 ||     1
 Cast: Shock             |    47 |    81 |    50 |    18 ||   196
       Swiftness         |     1 |       |       |       ||     1
       Static Discharge  |       |       |     2 |       ||     2
Invok: Reject Sacrifices |       |       |     1 |       ||     1
 Abil: Heal Wounds       |     1 |     4 |    25 |    19 ||    49
Evoke: Wand              |       |       |    28 |     1 ||    29
       Staff of Olgreb   |       |       |     1 |       ||     1
  Use: Scroll            |     2 |     2 |    16 |     5 ||    25
       Potion            |       |       |    12 |     3 ||    15
 Stab: Sleeping          |     2 |     4 |     3 |     1 ||    10
       Invisible         |       |       |       |     7 ||     7
       Paralysed         |       |       |       |     5 ||     5
       Distracted        |       |       |       |     1 ||     1
  Eat: Chunk             |     1 |     5 |    13 |     7 ||    26
       Ration            |       |       |     1 |       ||     1
Armor: Robe              |    14 |       |       |    66 ||    80
       Ring mail         |       |    41 |   243 |    65 ||   349
       Skin              |       |       |    25 |       ||    25
Dodge: Dodged            |    37 |    84 |   224 |   104 ||   449
Block: Buckler           |     6 |    21 |    18 |       ||    45
       Large shield      |       |       |   371 |   237 ||   608
